Map: [ESL] Dragon Scales

Players

Maru

  • Race: Terran Terran

Solar - Winner!

  • Race: Zerg Zerg

Event: IEM Katowice 2023

VOD

Have the link to the VOD?

Description

Time

  • Played on: Feb. 12, 2023, 5:40 a.m.
  • Length: 8:48

All games in this series

Show
View Real Time Build Order
Export as new Build Order

Maru Terran 

Build Orders:  

Get SALT Encoding   

  12  0:00  SCV  
  13  0:12  SCV  
  14  0:17  Supply Depot  
  14  0:24  SCV  
  15  0:38  SCV  
  15  0:39  Barracks  
  16  0:43  Refinery  
  16  0:51  SCV  
  17  0:58  Barracks  
  17  1:03  SCV  
  18  1:15  SCV  
  19  1:27  Orbital Command, Reaper  
  19  1:31  Supply Depot  
  20  1:46  Reaper  
  21  1:52  SCV  
  22  2:04  Reaper  
  22  2:05  SCV  
  24  2:11  Command Center  
  24  2:17  SCV  
  24  2:20  Refinery  
  24  2:22  Barracks Reactor  
  25  2:29  SCV  
  26  2:36  Barracks Tech Lab  
  26  2:41  SCV  
  27  2:53  SCV  
  27  2:54  Command Center  
  28  3:00  Marine  
  28  3:04  Stimpack  
  28  3:05  SCV  
  30  3:07  Marine  
  31  3:21  Factory  
  31  3:23  SCV  
  31  3:24  Orbital Command  
  32  3:29  Marine x2  
  32  3:32  Marine  
  35  3:35  SCV  
  36  3:46  Marine  
  36  3:47  Marine, SCV  
  39  3:50  Marine, SCV  
  41  3:59  SCV  
  41  4:02  SCV  
  43  4:04  Marine x2  
  43  4:06  Starport  
  43  4:08  Marine  
  46  4:11  Orbital Command, Factory Reactor, SCV  
  46  4:15  SCV  
  48  4:17  Supply Depot  
  48  4:22  Marine x2  
  48  4:23  SCV  
  51  4:26  Marine  
  51  4:27  SCV  
  53  4:35  SCV  
  53  4:36  Engineering Bay  
  54  4:38  Engineering Bay  
  54  4:39  SCV x2  
  56  4:47  Refinery  
  56  4:50  SCV  
  57  4:54  Factory Tech Lab, SCV  
  57  4:57  SCV  
  56  5:03  SCV  
  44  5:07  SCV  
  44  5:09  Medivac x2, SCV  
  44  5:12  Siege Tank  
  47  5:14  Marine x2  
  47  5:16  Marine, SCV  
  47  5:19  SCV  
  45  5:28  SCV  
  45  5:32  Marine x2  
  45  5:34  Marine  
  40  5:50  Marine x2  
  40  5:52  Marine  
  40  5:53  SCV  
  22  6:07  Marine  
  22  6:08  Marine  
  17  6:17  Orbital Command  
  17  6:20  Supply Depot  
  17  6:24  SCV  
  18  6:26  SCV  
  19  6:36  SCV  
  20  6:40  SCV  
  20  6:45  Marine  
  22  6:49  SCV x2  
  24  7:03  SCV x2  
  25  7:15  SCV x2  
  25  7:18  Orbital Command  
  24  7:27  Engineering Bay, SCV x2  
  24  7:28  Engineering Bay  
  26  7:39  SCV x2  
  28  7:45  Supply Depot  
  28  7:48  SCV  
  29  7:51  SCV x2  
  29  7:57  Marine x2  
  33  8:00  SCV  
  33  8:03  SCV x2  
  36  8:12  Barracks, SCV  
  37  8:15  SCV x2  
  39  8:24  SCV  
  37  8:27  SCV x2  
  37  8:28  Marine x2  
Show
View Real Time Build Order
Export as new Build Order

Solar Zerg - Winner!

Build Orders: Hatch First, Zergling Baneling 

Get SALT Encoding   

  12  0:00  Drone  
  13  0:12  Overlord  
  13  0:16  Drone  
  14  0:31  Drone x2  
  16  0:48  Hatchery  
  15  0:51  Drone  
  15  0:54  Drone  
  17  0:57  Drone  
  18  1:08  Extractor  
  17  1:12  Spawning Pool  
  17  1:16  Drone  
  17  1:19  Drone  
  18  1:28  Drone  
  19  1:38  Drone  
  20  1:49  Drone  
  21  2:03  Queen x2, Zergling x4  
  27  2:14  Metabolic Boost  
  27  2:15  Zergling x2  
  28  2:16  Overlord  
  28  2:28  Hatchery  
  26  2:31  Drone  
  27  2:38  Drone  
  27  2:39  Zergling x4  
  29  2:49  Queen  
  31  2:53  Drone  
  31  2:54  Overlord  
  31  2:57  Drone  
  33  2:59  Drone  
  34  3:06  Drone x2  
  36  3:14  Drone x3  
  39  3:22  Drone x2  
  41  3:27  Drone  
  41  3:29  Extractor  
  41  3:30  Overlord  
  41  3:36  Zergling x2  
  41  3:39  Baneling Nest  
  41  3:40  Zergling x2  
  42  3:43  Zergling x8  
  46  3:49  Zergling x2  
  46  3:50  Zergling x2  
  46  3:54  Overlord  
  48  3:57  Zergling x2  
  48  3:58  Zergling x4  
  51  4:04  Overlord  
  51  4:06  Zergling x2  
  51  4:07  Zergling x2  
  53  4:11  Overlord  
  53  4:14  Zergling x4  
  55  4:22  Zergling x6  
  58  4:26  Baneling x6  
  58  4:27  Baneling  
  58  4:30  Baneling x2, Zergling x2  
  58  4:34  Baneling  
  58  4:35  Zergling x2  
  59  4:39  Zergling x4  
  59  4:44  Baneling x2  
  59  4:45  Zergling x4  
  62  4:49  Zergling x4  
  65  4:52  Zergling x2  
  65  4:56  Zergling x4  
  65  4:58  Zergling x2  
  63  5:03  Zergling x4  
  63  5:05  Zergling x2  
  61  5:07  Zergling x2  
  61  5:11  Zergling x4  
  61  5:17  Zergling x6  
  61  5:20  Zergling x2  
  59  5:22  Zergling x2  
  59  5:26  Zergling x4  
  61  5:28  Zergling x2  
  61  5:31  Baneling x3  
  61  5:35  Baneling x3  
  61  5:36  Zergling x2  
  61  5:40  Zergling x2  
  61  5:42  Zergling x4  
  64  5:48  Zergling x2  
  55  5:58  Zergling x14  
  55  6:01  Zergling x2  
  56  6:05  Zergling x4  
  56  6:08  Zergling x4  
  54  6:15  Zergling x6  
  54  6:16  Baneling  
  54  6:17  Baneling x2  
  56  6:19  Baneling x2  
  56  6:20  Baneling  
  56  6:21  Baneling  
  56  6:22  Baneling  
  56  6:23  Baneling  
  56  6:24  Baneling  
  56  6:27  Baneling x2  
  56  6:30  Zergling x4  
  56  6:32  Zergling x2  
  59  6:33  Zergling x2  
  59  6:35  Baneling  
  59  6:37  Zergling x2  
  59  6:38  Zergling x2  
  62  6:40  Zergling x2  
  62  6:42  Zergling x2  
  62  6:44  Zergling x2  
  63  6:47  Zergling x2  
  63  6:50  Zergling x4  
  63  6:53  Zergling x2  
  63  7:01  Drone x5  
  64  7:04  Drone  
  64  7:06  Drone  
  64  7:07  Drone  
  66  7:09  Drone  
  66  7:10  Drone  
  66  7:13  Drone  
  67  7:17  Drone x2  
  67  7:20  Drone x2  
  67  7:22  Drone  
  71  7:28  Drone x2  
  73  7:31  Drone  
  73  7:32  Extractor  
  73  7:34  Drone  
  73  7:38  Overlord  
  73  7:44  Drone  
  74  7:47  Queen  
  74  7:48  Lair  
  74  7:51  Overlord  
  73  7:53  Overlord  
  73  7:58  Drone x3  
  76  7:59  Drone x4  
  76  8:00  Extractor  
  76  8:02  Drone  
  76  8:03  Drone x2  
  82  8:07  Overlord  
  82  8:10  Drone x2  
  84  8:13  Drone  
  84  8:15  Zergling x4  
  84  8:18  Zergling x6  
  88  8:22  Drone  
  88  8:23  Drone  
  88  8:25  Zergling x2  
  87  8:30  Zergling x8  
  90  8:38  Extractor  
  90  8:39  Extractor  

Tags
 
Add a new tag
Caveats
  • Supply blocks, unpowered buildings, or Contaminate may cause inaccurate times.
  • Supply counts are checked every 10 seconds.